 Dungeon Crawl Stone Soup version 0.25-a0-294-gea9b1ad378 (webtiles) character file.

Game seed: 2670682282382278784, levelgen mode: classic

2024 Borgoz the Ruffian (level 9, 0/74 HPs)
             Began as a Ghoul Gladiator on Dec 17, 2019.
             Was a Follower of Okawaru.
             Slain by Prince Ribbit (11 damage)
             ... on level 7 of the Dungeon.
             The game lasted 00:09:41 (5598 turns).

Borgoz the Ruffian (Ghoul Gladiator)                Turns: 5598, Time: 00:09:42

Health: 0/74       AC:  9    Str: 18    XL:     9   Next: 23%
Magic:  0/8        EV: 16    Int:  4    God:    Okawaru [*.....]
Gold:   179        SH:  5    Dex: 16    Spells: 8/8 levels left

rFire    + . .     SeeInvis +     - Unarmed
rCold    + . .     Gourm    .   l - +0 buckler
rNeg     + + +     Faith    .   e - +3 leather armour {rF+}
rPois    ∞         Spirit   +   b - +1 helmet
rElec    .         Reflect  .   (no cloak)
rCorr    .         Harm     .   (no gloves)
MR       .....                  v - +0 pair of boots
Stlth    +.........             f - amulet of guardian spirit
HPRegen  0.00/turn              c - ring "Azxam" {Dex+4 SInv}
MPRegen  0.11/turn              (no ring)

@: rotting
A: rotting body, claws 1, carnivore, cold resistance 1, negative energy
resistance 3, inhibited regeneration, torment resistance, unbreathing
a: Heroism, Renounce Religion


You were on level 7 of the Dungeon.
You worshipped Okawaru.
Okawaru was aware of your devotion.
You were not hungry.

You visited 2 branches of the dungeon, and saw 8 of its levels.

You collected 179 gold pieces.

Inventory:

Armour
 b - a +1 helmet (worn)
 e - a +3 leather armour of fire resistance (worn)
 l - a +0 buckler (worn)
 v - a +0 pair of boots (worn)
Jewellery
 c - the ring "Azxam" (left claw) {Dex+4 SInv}
   (You took it off a hobgoblin on level 4 of the Dungeon)

   [ring of dexterity]

   It affects your dexterity (+4).
   It lets you see invisible.
 f - an amulet of guardian spirit (around neck)
 i - an uncursed amulet of faith
Wands
 u - a wand of polymorph (6)
Scrolls
 g - 3 scrolls of enchant armour
 j - 3 scrolls of remove curse
 o - 3 scrolls of teleportation
 r - 2 scrolls of enchant weapon
Potions
 h - a potion of brilliance
 m - a potion of flight {unknown}
Comestibles
 d - 15 rations
 k - 10 chunks of flesh


   Skills:
 + Level 5.5 Fighting
 - Level 1.7 Throwing
 + Level 4.0 Armour
 * Level 6.5 Dodging
 + Level 2.8 Shields
 * Level 7.8 Unarmed Combat


You had 8 spell levels left.
You didn't know any spells.
Your spell library was empty.

Dungeon Overview and Level Annotations

Branches:
Dungeon (7/15)             Temple (1/1) D:6

Altars:
Ashenzari
Cheibriados
Dithmenos
Elyvilon
Gozag
Hepliaklqana
Kikubaaqudgha
Makhleb
Nemelex Xobeh
Okawaru
Qazlal
Ru
Sif Muna
Uskayaw
Wu Jian
Yredelemnul
Zin
The Shining One

Annotations:
D:7 Prince Ribbit


Innate Abilities, Weirdness & Mutations

Your body is rotting away.
You thrive on raw meat.
You are immune to poison.
You have sharp fingernails.
You are carnivorous and can eat meat at any time.
Your flesh is cold resistant. (rC+)
You are immune to negative energy. (rN+++)
You do not regenerate when monsters are visible.
You are immune to unholy pain and torment.
You can survive without breathing.


Message History

Press: ? - help, Shift-Dir - straight line, f/p - Prince Ribbit
Aim: Prince Ribbit (moderately wounded, chance to defeat MR: 28%) Prince Ribbit easily resists.
You block Prince Ribbit's attack.
Evoke which item? (* to show all) (? for menu, Esc to quit)
Aiming: Polymorph
Press: ? - help, Shift-Dir - straight line, f/p - Prince Ribbit
Aim: Prince Ribbit (moderately wounded, chance to defeat MR: 28%) Prince Ribbit easily resists.
Prince Ribbit misses you.
Evoke which item? (* to show all) (? for menu, Esc to quit)
Aiming: Polymorph
Press: ? - help, Shift-Dir - straight line, f/p - Prince Ribbit
Aim: Prince Ribbit (moderately wounded, chance to defeat MR: 28%) Prince Ribbit easily resists.
Prince Ribbit closely misses you. Prince Ribbit barely misses you.
Evoke which item? (* to show all) (? for menu, Esc to quit)
Aiming: Polymorph
Press: ? - help, Shift-Dir - straight line, f/p - Prince Ribbit
Aim: Prince Ribbit (moderately wounded, chance to defeat MR: 28%) Prince Ribbit easily resists.
Prince Ribbit hits you!
You die...

#... ###### #...
.#######.....##+####...
......................
#....................
#....................
#....................
#....................
#...@F.....(.........
#....................
#...##.##..##.####...
#######.######.## ###
#.......#..(....# ...
#.......#.......# ...
+.......#.......# ...
###...####..##'## ...
##...####..##.#######


You could see Prince Ribbit.

Vanquished Creatures
  Edmund (D:4)
  Menkaure (D:4)
  An ice beast (D:6)
  3 orc warriors
  2 black bears (D:6)
  An ogre (D:4)
  5 centaurs
  Blork the orc (D:5)
  A hound (D:7)
  A jelly (D:6)
  A gnoll shaman (D:7)
  5 orc priests
  A bullfrog skeleton (D:6)
  An iguana (D:7)
  4 orc wizards
  3 worker ants
  Robin (D:4)
  4 gnolls (D:7)
  2 adders
  A shadow imp (D:5)
  An adder zombie (D:7)
  2 worms
  3 dart slugs
  2 leopard geckos
  21 orcs
  A giant cockroach (D:2)
  23 goblins
  9 hobgoblins
  10 jackals
  3 quokkas (D:3)
  3 bats
  2 frilled lizards
  4 kobolds
  A leopard gecko skeleton (D:5)
  2 quokka skeletons
  7 rats
  A butterfly (D:6)
135 creatures vanquished.

Notes
Turn   | Place    | Note
-------+----------+-------------------------------------------
     0 | D:1      | Borgoz the Ghoul Gladiator began the quest for the Orb.
     0 | D:1      | Reached XP level 1. HP: 17/17 MP: 0/0
   174 | D:1      | Reached XP level 2. HP: 22/24 MP: 1/1
   565 | D:2      | Reached XP level 3. HP: 28/30 MP: 2/2
   574 | D:2      | Reached skill level 1 in Armour
   780 | D:2      | Found a basalt altar of Yredelemnul.
  1172 | D:2      | Reached skill level 4 in Unarmed Combat
  1222 | D:2      | Reached XP level 4. HP: 35/37 MP: 3/3
  1778 | D:3      | Found a white marble altar of Elyvilon.
  1909 | D:3      | Found a hide-covered altar of Uskayaw.
  1909 | D:3      | Noticed a +0 dagger
  1909 | D:3      | Noticed a +0 hand axe
  2256 | D:4      | Noticed an ogre
  2269 | D:4      | Killed an ogre
  2269 | D:4      | Reached XP level 5. HP: 26/45 MP: 2/4
  2330 | D:4      | Found a sand-covered staircase.
  2392 | D:4      | Noticed Edmund
  2419 | D:4      | Killed Edmund
  2419 | D:4      | Reached skill level 5 in Unarmed Combat
  2419 | D:4      | Reached XP level 6. HP: 25/51 MP: 2/5
  2569 | D:4      | Found an ornate altar of the Wu Jian Council.
  2574 | D:4      | Noticed Menkaure
  2598 | D:4      | Killed Menkaure
  2598 | D:4      | Reached XP level 7. HP: 33/58 MP: 3/6
  2626 | D:4      | Noticed Robin
  2633 | D:4      | Killed Robin
  3127 | D:4      | Identified the ring "Azxam" {Dex+4 SInv}
  3527 | D:5      | Entered Level 5 of the Dungeon
  3539 | D:5      | Noticed Blork the orc
  3555 | D:5      | Killed Blork the orc
  3983 | D:5      | Reached skill level 6 in Unarmed Combat
  4301 | D:5      | Reached skill level 5 in Dodging
  4516 | D:6      | Found a staircase to the Ecumenical Temple.
  4527 | D:6      | Reached skill level 1 in Shields
  4527 | D:6      | Reached XP level 8. HP: 47/67 MP: 4/7
  4773 | D:6      | Reached skill level 5 in Fighting
  4773 | D:6      | Reached skill level 7 in Unarmed Combat
  4861 | Temple   | Entered the Ecumenical Temple
  4928 | Temple   | Became a worshipper of Warmaster Okawaru
  5307 | D:7      | Reached XP level 9. HP: 52/74 MP: 6/8
  5408 | D:7      | Reached * piety under Okawaru
  5575 | D:7      | Noticed Prince Ribbit
  5598 | D:7      | Slain by Prince Ribbit

Levels and vault maps discovered:
D:1:      dpeg_arrival_tiny_i, layout_rooms
D:2:      layout_basic, yredelemnul_altar_generic
D:3:      layout_rooms, dancing_weapons_uskayaw, elyvilon_altar_5,
          nicolae_overflow_hidden_temple
D:4:      layout_basic, lemuel_crystal_altar, serial_co_window_serial,
          co_window_corner_a, co_window_cross_1, co_window_of_opportunity_a,
          co_window_cross_1, co_window_of_opportunity_a, co_window_paths_a,
          co_window_paths_b, co_window_broadway_c, co_window_broadway_a,
          co_window_unsneaky_path_e, co_window_of_opportunity_b,
          co_window_corner_b, co_window_unsneaky_path_a, glass_columns_a,
          glass_columns_a, glass_columns_a, glass_columns_b,
          lightli_ossuary_entry_decrepit_ruins, first_ration, uniq_robin,
          uniq_edmund, uniq_menkaure
D:5:      layout_loops_corners, uniq_blork_the_orc
D:6:      layout_cave_pools, minmay_temple_entry_butterflies,
          minmay_misc_feat_tiny
D:7:      layout_gridville, enter_bailey_2, uniq_prince_ribbit1, uniq_harold
Temple:   nicolae_temple_great_sept

Skill      XL: |  1  2  3  4  5  6  7  8  9 |
---------------+----------------------------+-----
Dodging        | 3 4 5 6 |  6.5
Armour         | 1 2 3 4 |  4.0
Unarmed Combat | 4 5 6 7 |  7.8
Fighting       | 3 4 5 |  5.5
Shields        | 1 2 |  2.8
Throwing       | |  1.7

Action                   |  1- 3 |  4- 6 |  7- 9 || total
-------------------------+-------+-------+-------++-------
Melee: Unarmed           |   127 |   129 |   275 ||   531
       Punch             |       |     4 |     1 ||     5
Throw: Throwing net      |       |     3 |     3 ||     6
Evoke: Wand              |       |       |     4 ||     4
  Use: Scroll            |       |    12 |     2 ||    14
       Potion            |       |       |     2 ||     2
 Stab: Held in net/web   |       |     1 |       ||     1
       Sleeping          |       |       |     2 ||     2
  Eat: Chunk             |     5 |     2 |    34 ||    41
Armor: Leather armour    |    33 |    18 |    63 ||   114
Dodge: Dodged            |    75 |    53 |   167 ||   295
Block: Buckler           |       |       |    45 ||    45

Table legend:
 A = Non-vault XP
 B = Vault XP
 C = Vault XP percentage of total XP
 D = Non-vault monster count
 E = Vault monster count
 F = Vault count percentage of total count
                 A         B        C        D         E       F
            +---------+---------+-------+---------+---------+-------
      Total |    2416 |     476 |  16.5 |     118 |      16 |  11.9
            +---------+---------+-------+---------+---------+-------
        D:1 |      33 |       0 |   0.0 |      19 |       0 |   0.0
        D:2 |      50 |       0 |   0.0 |      20 |       0 |   0.0
        D:3 |      46 |       0 |   0.0 |      20 |       0 |   0.0
        D:4 |     211 |     386 |  64.7 |      12 |      15 |  55.6
        D:5 |     254 |      90 |  26.2 |       8 |       1 |  11.1
        D:6 |    1270 |       0 |   0.0 |      21 |       0 |   0.0
        D:7 |     552 |       0 |   0.0 |      18 |       0 |   0.0
            +---------+---------+-------+---------+---------+-------
